 Dungeon Crawl Stone Soup version 0.29-a0-541-gaf1fc19f1b (webtiles) character file.

Game seed: 17343744923908125443

151942 NateTC the Warrior (level 17, 0/168 HPs)
             Began as a Hill Orc Fighter on June 2, 2022.
             Was the Champion of Makhleb.
             Slain by the 27-headed Lernaean hydra (7 damage)
             ... on level 4 of the Swamp on June 3, 2022.
             The game lasted 01:46:34 (23202 turns).

NateTC the Warrior (Hill Orc Fighter)              Turns: 23202, Time: 01:46:35

Health: 0/168      AC: 42    Str: 27    XL:     17   Next: 57%
Magic:  11/23      EV:  8    Int: 11    God:    Makhleb [******]
Gold:   4094       SH: 13    Dex: 10    Spells: 16/16 levels left

rFire   + + .      SeeInvis +   a - +3 broad axe (flame)
rCold   . . .      Faith    .   O - +0 kite shield {reflect}
rNeg    . . .      Spirit   .   P - +15 Maxwell's patent armour {-Cast -Tele rElec Will+ rCorr}
rPois   +          Reflect  +   J - +0 mask of the Dragon {Will+ Slay+3 SInv}
rElec   +          Harm     .   z - +0 cloak
rCorr   +          Rampage  .   j - +2 pair of gloves {infuse}
Will    +++..      NoTele   +   y - +0 pair of boots
Stlth   .......... NoCast   +   u - amulet of regeneration
HPRegen 1.18/turn               f - +4 ring of protection
MPRegen 0.18/turn               c - ring of Life {*Corrode Fly rPois rF++ Int+3}

@: flying
A: no striking features
a: Renounce Religion, Minor Destruction, Lesser Servant of Makhleb, Major
Destruction, Greater Servant of Makhleb


You were on level 4 of the Swamp.
You worshipped Makhleb.
Makhleb was exalted by your worship.
You visited 4 branches of the dungeon, and saw 26 of its levels.
You also visited: Sewer, Bailey and Volcano.

You collected 4202 gold pieces.
You spent 108 gold pieces at shops.

Inventory:

Hand Weapons
 a - a +3 broad axe of flaming (weapon)
 b - the +6 shillelagh "Devastator" {shatter}
   (You found it on level 3 of the Dungeon)

   It releases a powerful concussive burst when it strikes, dealing extra damage
   to the target and all other foes adjacent to them.
Armour
 j - a +2 pair of gloves of infusion (worn)
 s - a +4 plate armour
 y - a +0 pair of boots (worn)
 z - a +0 cloak (worn)
 F - a +1 helmet
 J - the +0 mask of the Dragon (worn) {Will+ Slay+3 SInv}
   (You found it on level 2 of the Orcish Mines)

   Slay:      It affects your accuracy & damage with ranged weapons and melee
   (+3).
   SInv:      It lets you see invisible.
   Will:      It increases your willpower.
 O - a +0 kite shield of reflection (worn)
 P - the +15 Maxwell's patent armour (worn) {-Cast -Tele rElec Will+ rCorr}
   (You acquired it on level 5 of the Lair of Beasts)

   rElec:     It insulates you from electricity.
   -Cast:     It prevents spellcasting.
   -Tele:     It prevents most forms of teleportation.
   rCorr:     It protects you from acid and corrosion.
   Will:      It increases your willpower.
 V - a +0 tower shield
Jewellery
 c - the ring of Life (right hand) {*Corrode Fly rPois rF++ Int+3}
   (You acquired it on level 7 of the Dungeon)

   [ring of poison resistance]

   Int:       It affects your intelligence (+3).
   rF:        It greatly protects you from fire.
   rPois:     It protects you from poison.
   Fly:       It grants you flight.
   *Corrode:  It may corrode you when you take damage.
 f - a +4 ring of protection (left hand)
 r - a +4 ring of evasion
 u - an amulet of regeneration (around neck)
 v - an amulet of reflection
 G - a ring of poison resistance
 Q - a +4 ring of protection
Wands
 d - a wand of acid (14)
 p - a wand of iceblast (25)
 q - a wand of mindburst (23)
 w - a wand of polymorph (38)
 x - a wand of flame (33)
 I - a wand of digging (39)
 S - a wand of charming (5)
 U - a wand of paralysis (8)
Scrolls
 e - 2 scrolls of immolation
 g - a scroll of amnesia
 m - 4 scrolls of fog
 t - 10 scrolls of teleportation
 A - a scroll of summoning
 D - 2 scrolls of enchant armour
 K - a scroll of silence
 L - 9 scrolls of magic mapping
 R - a scroll of fear
 X - a scroll of blinking
 Y - a scroll of poison
Potions
 h - 6 potions of mutation
 i - a potion of brilliance
 k - 4 potions of magic
 l - 4 potions of lignification
 n - 16 potions of curing
 o - 8 potions of attraction
 C - 3 potions of resistance
 E - 4 potions of berserk rage
 H - 2 potions of haste
 M - 2 potions of might
 N - 2 potions of invisibility
 T - a potion of cancellation
Miscellaneous
 B - a phial of floods (inert)
 W - a lightning rod (4/4)


   Skills:
 - Level 19.6 Fighting
 - Level 7.7(12.7) Axes
 - Level 13.4(14.0) Maces & Flails
 * Level 13.7 Armour
 - Level 5.3 Dodging
 - Level 15.7 Shields
 - Level 8.9 Invocations
 + Level 8.5 Evocations


You had 16 spell levels left.
You didn't know any spells.
Your spell library contained the following spells:

 Spells                   Type           Power      Damage    Failure   Level
 Apportation              Tloc           0%         N/A       99%         1
 Magic Dart               Conj           0%         1d3       99%         1
 Necrotize                Necr           0%         1d4       99%         1
 Sandblast                Erth           0%         2d4       99%         1
 Summon Small Mammal      Summ           0%         N/A       99%         1
 Call Imp                 Summ           0%         N/A       99%         2
 Ensorcelled Hibernation  Hex/Ice        0%         N/A       99%         2
 Passwall                 Tmut/Erth      0%         N/A       99%         2
 Poisonous Vapours        Pois/Air       0%         N/A       99%         2
 Call Canine Familiar     Summ           0%         N/A       100%        3
 Mephitic Cloud           Conj/Pois/Air  0%         N/A       100%        3
 Portal Projectile        Hex/Tloc       0%         N/A       100%        3
 Spider Form              Tmut/Pois      0%         N/A       100%        3
 Stone Arrow              Conj/Erth      0%         3d7       100%        3
 Summon Guardian Golem    Hex/Summ       0%         N/A       100%        3
 Swiftness                Air            0%         N/A       100%        3
 Tukima's Dance           Hex            0%         N/A       100%        3
 Anguish                  Hex/Necr       0%         N/A       100%        4
 Animate Armour           Summ/Erth      0%         N/A       100%        4
 Corpse Rot               Necr/Pois/Air  0%         N/A       100%        4
 Dispel Undead            Necr           0%         3d6       100%        4
 Passage of Golubria      Tloc           0%         N/A       100%        4
 Blade Hands              Tmut           0%         N/A       100%        5
 Iskenderun's Battlesphe  Conj           0%         2d6       100%        5
 Yara's Violent Unravell  Hex/Tmut       0%         3d3       100%        5
 Death Channel            Necr           0%         N/A       100%        6
 Iron Shot                Conj/Erth      0%         9d1       100%        6
 Malign Gateway           Summ/Tloc      0%         N/A       100%        7
 Spellforged Servitor     Conj/Summ      0%         N/A       100%        7
 Borgnjor's Revivificati  Necr           0%         N/A       100%        8
 Lehudib's Crystal Spear  Conj/Erth      0%         10d2      100%        8
 Necromutation            Tmut/Necr      0%         N/A       100%        8
 Summon Horrible Things   Summ           0%         N/A       100%        8
 Death's Door             Necr           0%         N/A       100%        9


Dungeon Overview and Level Annotations

Branches:
Dungeon (15/15)            Temple (0/1) D:4            Lair (5/6) D:10
  Swamp (4/4) Lair:3        Snake (0/4) Lair:2        Slime (0/5) Lair:5
    Orc (2/2) D:12            Elf (0/3) Orc:2        Vaults (0/5) D:13
 Depths (0/4) D:15          Sewer (visited)          Bailey (visited)
Volcano (visited)

Altars:
Elyvilon
Fedhas
Hepliaklqana
Kikubaaqudgha
Nemelex Xobeh
Okawaru
Sif Muna
Uskayaw
Beogh
Jiyva

Shops:
D:2 :   D:11 !   Orc:2 *(:[

Annotations:
D:10 exclusions: ice statue and orange crystal statue
Lair:1 2 transporters, benadryl's ghost, novice GrFi
Lair:2 3 runed translucent doors, Gyitair's ghost, journeyman DDFi
Lair:3 2 runed translucent doors, valliere's ghost, journeyman TrMo
Lair:4 3 runed translucent doors, Pooter's ghost, journeyman MiBe; Zun Lasmi's ghost, journeyman VSTm
Swamp:4 Lernaean hydra


Message History

Aiming: Paralyse
Press: ? - help, Shift-Dir - straight line, f/p - 27-headed Lernaean hydra
Aim: the 27-headed Lernaean hydra (lightly wounded, chance to affect: 2%)
Okay, then.
Okay, then.
Okay, then.
Aiming: Charm
Press: ? - help, Shift-Dir - straight line, f/p - 27-headed Lernaean hydra
Aim: the 27-headed Lernaean hydra (lightly wounded, chance to affect: 2%)
Okay, then.
Aiming: Thunderbolt
Press: ? - help, Shift-Dir - straight line, f/p - 27-headed Lernaean hydra
Aim: the 27-headed Lernaean hydra (lightly wounded)
Okay, then.
Your +3 broad axe of flaming bursts into flame!
a - a +3 broad axe of flaming (weapon)
You block the 27-headed Lernaean hydra's attack. x2
The 27-headed Lernaean hydra bites you but does no damage. x2
The 27-headed Lernaean hydra bites you.
* * * LOW HITPOINT WARNING * * *
The 27-headed Lernaean hydra bites you but does no damage.
The 27-headed Lernaean hydra barely misses you.
The 27-headed Lernaean hydra bites you but does no damage. x8
The 27-headed Lernaean hydra bites you.
* * * LOW HITPOINT WARNING * * *
The 27-headed Lernaean hydra bites you but does no damage. x2
You block the 27-headed Lernaean hydra's attack.
The 27-headed Lernaean hydra bites you but does no damage.
The 27-headed Lernaean hydra bites you!
* * * LOW HITPOINT WARNING * * *
The 27-headed Lernaean hydra bites you but does no damage.
You block the 27-headed Lernaean hydra's attack.
The 27-headed Lernaean hydra bites you but does no damage.
The 27-headed Lernaean hydra bites you!
* * * LOW HITPOINT WARNING * * *
The 27-headed Lernaean hydra bites you but does no damage. x2
You feel better.
The 27-headed Lernaean hydra bites you but does no damage. x4
The 27-headed Lernaean hydra bites you!
You die...

.≈≈.♣≈♣
♣♣≈≈≈≈≈≈≈.♣♣≈.≈≈..≈§≈.≈..
°.≈.♣
♣♣.≈≈≈≈≈≈♣..≈.≈≈≈..≈≈≈.≈≈.
≈♣.≈♣
♣≈.≈≈≈≈≈≈.≈.♣.≈≈≈..≈≈....♣
†♣♣♣♣ ♣≈..≈≈≈≈≈≈♣
♣.≈≈.≈....≈≈♣
≈†♣♣♣♣♣♣≈♣≈≈♣≈♣
♣♣♣♣♣♣.≈.♣♣♣♣
♣♣≈..≈♣.♣≈≈≈.♣♣♣♣ ♣♣♣♣.≈≈≈♣
♣≈.≈k.♣♣♣.≈.≈≈§♣♣ ♣.≈≈≈≈≈♣♣
♣♣≈.≈≈≈≈♣♣≈≈≈≈≈≈♣♣♣♣♣≈§..♣♣♣
♣♣≈..≈≈..§k≈≈D@<÷≈.♣≈....≈♣
♣≈.(..♣♣.≈≈≈≈≈))≈≈÷♣♣.○...♣
♣≈♣.≈)♣♣..≈≈≈≈≈≈≈§.§♣○○.≈≈♣♣
♣♣♣§≈.♣♣≈≈≈≈≈≈≈...§≈.≈≈..≈.♣
♣♣≈♣♣♣§.....≈≈≈♣♣♣≈≈.≈≈§≈♣
♣♣♣ ♣♣♣♣♣♣♣♣♣♣♣ ♣♣≈♣♣♣♣♣♣
♣♣♣


You could see the 27-headed Lernaean hydra and a swamp drake.

Vanquished Creatures
  Saint Roka (Orc:2)
  Nikola (Swamp:2)
  Jorgrun (Orc:1)
  A tentacled monstrosity (Swamp:3)
  Rupert (D:15)
  2 thorn hunters
  Kirke (Swamp:3)
  Agnes (D:15)
  Donald (Swamp:2)
  3 fenstrider witches
  Louise (D:14)
  A frost giant (D:15)
  4 ghouls (Swamp:4)
  2 eleionomae (Swamp:4)
  An ettin (Orc:1)
  A yaktaur captain (D:13)
  16 hydras
  3 ghost crabs
  An ogre mage (Volcano)
  2 boulder beetles
  A centaur warrior (D:15)
  8 two-headed ogres
  4 alligators
  3 death yaks (D:10)
  3 tengu warriors
  Sonja (Lair:2)
  An orc high priest (Orc:2)
  Nergalle (Orc:2)
  A hell knight (Volcano)
  Amaemon (Lair:2)
  3 goliath frogs
  3 bog bodies
  A lindwurm (Lair:2)
  2 deep elf zephyrmancers (Orc:2)
  2 spriggan druids
  12 swamp dragons
  3 deep elf pyromancers
  5 orc knights
  5 manticores
  2 will-o-the-wisps (Swamp:2)
  23 ugly things
  4 orc sorcerers
  2 cyclopes
  2 molten gargoyles (Volcano)
  2 black mambas
  An orange demon (Lair:2)
  19 cane toads
  2 yaktaurs (D:13)
  An unseen horror (D:12)
  2 kobold demonologists (D:10)
  Maggie (D:9)
  3 komodo dragons
  2 efreet (D:15)
  2 rime drakes
  A tengu conjurer (D:13)
  5 trolls
  7 hornets
  5 tyrant leeches
  4 polar bears
  2 bloated husks (Swamp:2)
  15 blink frogs
  8 slime creatures
  6 dream sheep (Lair:5)
  2 centaur simulacra (D:15)
  5 basilisks
  9 spriggans
  7 fire bats (Volcano)
  39 yaks
  Eustachio (D:5)
  4 wyverns
  4 wraiths
  12 vampire mosquitoes
  A naga (Lair:2)
  4 wargs
  16 water moccasins
  11 swamp worms
  34 orc warriors
  3 ice beasts
  A sky beast (D:7)
  6 swamp drakes
  17 ogres
  2 black bears
  3 boggarts (D:14)
  3 centaurs
  9 wolves
  A phantom (D:5)
  13 kobold brigands
  Blork the orc (Orc:2)
  14 bullfrogs
  2 gnoll sergeants
  3 scorpions
  2 necrophages
  11 howler monkeys
  7 lava snakes (Volcano)
  A crimson imp (Orc:2)
  A jelly (D:4)
  12 orc priests
  A gnoll shaman (D:7)
  3 hounds
  An iron imp (Orc:2)
  Ijyb (D:5)
  2 hell rats
  7 iguanas
  25 orc wizards
  9 adders
  19 gnolls
  4 river rats
  2 shadow imps
  2 white imps
  2 ufetubi
  3 worms
  A dart slug (D:4)
  69 orcs
  8 ball pythons
  2 bats
  11 endoplasms
  11 giant cockroaches
  12 goblins
  14 hobgoblins
  4 jackals
  5 quokkas
  2 frilled lizards
  23 kobolds
  18 rats
  6 briar patches (Swamp:1)
754 creatures vanquished.

Vanquished Creatures (others)
  Nessos (D:15)
  A bloated husk (Swamp:3)
  4 humans (Swamp:3)
  A swamp worm (Swamp:3)
  An orc priest (Orc:1)
  An orc wizard (Orc:2)
  A kobold (D:10)
  A bush (Lair:3)
  6 foxfires (Swamp:2)
  8 fungi
  27 plants
52 creatures vanquished.

Grand Total: 806 creatures vanquished

Notes
Turn   | Place    | Note
-------+----------+-------------------------------------------
     0 | D:1      | NateTC the Hill Orc Fighter began the quest for the Orb.
     0 | D:1      | Reached XP level 1. HP: 19/19 MP: 1/1
   301 | D:1      | Reached XP level 2. HP: 25/26 MP: 2/2
   758 | D:1      | Reached XP level 3. HP: 31/31 MP: 1/3
  1086 | D:2      | Found Seerek's Book Emporium.
  1149 | D:2      | Reached skill level 5 in Axes
  1462 | D:2      | Reached XP level 4. HP: 40/40 MP: 0/4
  1780 | D:3      | Reached skill level 4 in Fighting
  1931 | D:3      | Found the +6 shillelagh "Devastator" {shatter}
  2239 | D:3      | Found a faded altar of an unknown god.
  2700 | D:4      | Noticed an ice beast
  2703 | D:4      | Reached XP level 5. HP: 46/46 MP: 5/5
  2708 | D:4      | Killed an ice beast
  2709 | D:4      | Reached skill level 5 in Fighting
  2721 | D:4      | Found a staircase to the Ecumenical Temple.
  2741 | D:4      | Reached XP level 6. HP: 43/56 MP: 6/6
  2912 | D:4      | Found a glowing drain.
  2923 | Sewer    | Entered a sewer
  3094 | D:4      | Reached skill level 6 in Fighting
  3119 | D:4      | Reached skill level 1 in Maces & Flails
  3119 | D:4      | Reached XP level 7. HP: 54/64 MP: 5/7
  3120 | D:4      | Reached skill level 5 in Armour
  4070 | D:5      | Entered Level 5 of the Dungeon
  4143 | D:5      | Reached XP level 8. HP: 71/71 MP: 8/8
  4172 | D:5      | Noticed Ijyb
  4201 | D:5      | Killed Ijyb
  4350 | D:5      | Found a blossoming altar of Fedhas.
  4499 | D:5      | Noticed Eustachio
  4505 | D:5      | Killed Eustachio
  4506 | D:5      | Reached skill level 7 in Fighting
  4985 | D:6      | Reached skill level 8 in Fighting
  5198 | D:6      | Reached skill level 5 in Maces & Flails
  5335 | D:6      | Reached XP level 9. HP: 61/81 MP: 7/9
  5719 | D:7      | Found a flagged portal.
  5724 | D:7      | Reached skill level 5 in Shields
  5739 | Bailey   | Entered a bailey
  5855 | Bailey   | Found the +3 giant club "Skullcrusher" {speed, Str+7}
  5869 | Bailey   | Found a burning altar of Makhleb.
  5880 | Bailey   | Identified the +9 triple sword of Ginwalar {pain, Int+8}
  5897 | Bailey   | Became a worshipper of Makhleb the Destroyer
  5940 | D:7      | Found a white marble altar of Elyvilon.
  5940 | D:7      | Found an iron altar of Okawaru.
  5946 | D:7      | Found an ancient bone altar of Kikubaaqudgha.
  5948 | D:7      | Found a shimmering blue altar of Sif Muna.
  5949 | D:7      | Found a faded altar of an unknown god.
  6122 | D:7      | Found a hazy altar of Hepliaklqana.
  6250 | D:7      | Identified a scroll of acquirement
  6250 | D:7      | Acquired the ring of Life {*Corrode Fly rPois rF++ Int+3}
  6333 | D:8      | Found a sparkling altar of Nemelex Xobeh.
  6444 | D:8      | Reached XP level 10. HP: 88/88 MP: 10/10
  6541 | D:8      | Reached * piety under Makhleb
  7229 | D:9      | Noticed a two-headed ogre
  7236 | D:9      | Killed a two-headed ogre
  7308 | D:9      | Noticed Maggie
  7316 | D:9      | Killed Maggie
  7509 | D:9      | Found a hide-covered altar of Uskayaw.
  7629 | D:9      | Noticed a manticore
  7636 | D:9      | Killed a manticore
  7951 | D:10     | Entered Level 10 of the Dungeon
  7972 | D:10     | Reached skill level 9 in Fighting
  7986 | D:10     | Noticed a death yak
  7990 | D:10     | Reached ** piety under Makhleb
  7991 | D:10     | Reached skill level 10 in Fighting
  7992 | D:10     | Noticed a death yak
  7993 | D:10     | Reached XP level 11. HP: 85/101 MP: 1/11
  8001 | D:10     | Noticed a death yak
  8246 | D:10     | Killed a death yak
  8247 | D:10     | Reached skill level 11 in Fighting
  8247 | D:10     | Killed a death yak
  8249 | D:10     | Killed a death yak
  8250 | D:10     | Reached skill level 12 in Fighting
  8272 | D:10     | Noticed a soul eater
  8459 | D:10     | Found a staircase to the Lair.
  8461 | D:10     | Reached skill level 1 in Evocations
  8656 | D:10     | Noticed an orange crystal statue
  8733 | D:10     | Reached *** piety under Makhleb
  9008 | Lair:1   | Entered Level 1 of the Lair of Beasts
  9081 | Lair:1   | Reached skill level 1 in Invocations
  9225 | Lair:1   | Found a transporter.
  9230 | Lair:1   | Noticed benadryl's ghost (novice GrFi)
  9231 | Lair:1   | Noticed a moth of wrath
  9232 | Lair:1   | Noticed a moth of wrath
  9406 | Lair:1   | Reached skill level 5 in Evocations
  9434 | Lair:1   | Noticed a four-headed hydra
  9442 | Lair:1   | Killed a four-headed hydra
  9443 | Lair:1   | Reached XP level 12. HP: 107/113 MP: 12/15
  9562 | Lair:1   | Reached skill level 5 in Invocations
  9598 | Lair:1   | Found a transporter.
  9940 | Lair:2   | Reached **** piety under Makhleb
 10009 | Lair:2   | Noticed Amaemon
 10018 | Lair:2   | Killed Amaemon
 10105 | Lair:2   | Found a runed translucent gate.
 10105 | Lair:2   | Found a runed translucent gate.
 10132 | Lair:2   | Reached skill level 10 in Maces & Flails
 10182 | Lair:2   | Found a dark tunnel.
 10206 | Volcano  | Entered a volcano
 10340 | Volcano  | Noticed a two-headed ogre
 10343 | Volcano  | Killed a two-headed ogre
 10349 | Volcano  | Found a bloodstained altar of Trog.
 10349 | Volcano  | Noticed a two-headed ogre
 10349 | Volcano  | Noticed an ogre mage
 10349 | Volcano  | Noticed a two-headed ogre
 10352 | Volcano  | Killed a two-headed ogre
 10355 | Volcano  | Killed a two-headed ogre
 10357 | Volcano  | Killed an ogre mage
 10358 | Volcano  | Reached XP level 13. HP: 119/119 MP: 16/18
 10750 | Lair:2   | Found a runed translucent gate.
 10751 | Lair:2   | Noticed Gyitair's ghost (journeyman DDFi)
 10765 | Lair:2   | Noticed Sonja
 10790 | Lair:2   | Killed Sonja
 11031 | Lair:2   | Reached skill level 10 in Armour
 11103 | Lair:2   | Found a staircase to the Snake Pit.
 11414 | Lair:3   | Reached skill level 13 in Fighting
 11706 | Lair:3   | Found a staircase to the Swamp.
 11769 | Lair:3   | Found a large runed translucent door.
 11769 | Lair:3   | Found a large runed translucent door.
 11769 | Lair:3   | Noticed valliere's ghost (journeyman TrMo)
 12042 | Lair:3   | Identified the +5 dagger "Arcanum" {holy, Str+2 Int+9
                  | Stlth-}
 12371 | Lair:4   | You are sucked into a shaft and drop 1 floor!
 12623 | Lair:4   | Reached ***** piety under Makhleb
 12654 | Lair:4   | Reached skill level 14 in Fighting
 12766 | Lair:4   | Found a runed translucent gate.
 12766 | Lair:4   | Found a runed translucent gate.
 12766 | Lair:4   | Found a runed translucent gate.
 12770 | Lair:4   | Noticed Pooter's ghost (journeyman MiBe)
 12770 | Lair:4   | Noticed Zun Lasmi's ghost (journeyman VSTm)
 13421 | Lair:5   | Reached XP level 14. HP: 133/133 MP: 19/19
 13535 | Lair:5   | Found a viscous altar of Jiyva.
 13535 | Lair:5   | Found a staircase to the Slime Pits.
 13955 | Lair:5   | Acquired the +15 Maxwell's patent armour {-Cast -Tele rElec
                  | Will+ rCorr}
 13955 | Lair:5   | Found the +15 Maxwell's patent armour {-Cast -Tele rElec
                  | Will+ rCorr}
 14178 | D:11     | Reached skill level 15 in Fighting
 14488 | D:11     | Found Tiavaf's Distillery.
 15016 | D:12     | Found a staircase to the Orcish Mines.
 15615 | D:12     | Reached skill level 16 in Fighting
 15915 | D:13     | Found a gate to the Vaults.
 15929 | D:13     | Reached skill level 1 in Dodging
 16061 | D:13     | Reached XP level 15. HP: 144/144 MP: 19/21
 16765 | D:14     | Acquired 703 gold pieces
 16774 | D:14     | Reached skill level 5 in Dodging
 17115 | D:14     | Noticed Louise
 17127 | D:14     | Killed Louise
 17407 | D:15     | Entered Level 15 of the Dungeon
 17414 | D:15     | Noticed Nessos
 17430 | D:15     | Killed Nessos
 17434 | D:15     | Reached skill level 10 in Shields
 17700 | D:15     | Reached skill level 17 in Fighting
 17706 | D:15     | Reached ****** piety under Makhleb
 17779 | D:15     | Noticed Rupert
 17790 | D:15     | Killed Rupert
 18001 | D:15     | Reached XP level 16. HP: 156/156 MP: 19/22
 18004 | D:15     | Noticed Agnes
 18005 | D:15     | Found a staircase to the Depths.
 18019 | D:15     | Killed Agnes
 18708 | Orc:1    | Entered Level 1 of the Orcish Mines
 18722 | Orc:1    | Reached skill level 18 in Fighting
 18822 | Orc:2    | Entered Level 2 of the Orcish Mines
 18929 | Orc:2    | Noticed Saint Roka
 19284 | Orc:2    | Killed Saint Roka
 19401 | Orc:2    | Noticed Nergalle
 19404 | Orc:2    | Found a roughly hewn altar of Beogh.
 19415 | Orc:2    | Noticed Blork the orc
 19418 | Orc:2    | Killed Nergalle
 19427 | Orc:2    | Killed Blork the orc
 19447 | Orc:2    | Found Sakhiheema's Book Shop.
 19585 | Orc:2    | Found a staircase to the Elven Halls.
 19627 | Orc:2    | Found Hirph's Antique Weapon Shop.
 19642 | Orc:2    | Found Bahioqe's Antique Armour Shop.
 19674 | Orc:2    | Found Soitwim's General Store.
 19682 | Orc:2    | Bought a scroll of identify for 36 gold pieces
 19682 | Orc:2    | Bought a potion of might for 72 gold pieces
 20111 | Orc:2    | Found the +0 mask of the Dragon {Will+ Slay+3 SInv}
 20278 | Orc:1    | Noticed Jorgrun
 20283 | Orc:1    | Killed Jorgrun
 20920 | Swamp:1  | Entered Level 1 of the Swamp
 21203 | Swamp:1  | Noticed a thorn hunter
 21215 | Swamp:1  | Killed a thorn hunter
 21809 | Swamp:2  | Reached skill level 19 in Fighting
 21836 | Swamp:2  | Noticed Nikola
 21847 | Swamp:2  | Killed Nikola
 22076 | Swamp:2  | Noticed Donald
 22097 | Swamp:2  | Killed Donald
 22193 | Swamp:3  | Noticed a fenstrider witch
 22197 | Swamp:3  | Noticed a fenstrider witch
 22199 | Swamp:3  | Noticed a tentacled monstrosity
 22206 | Swamp:3  | Killed a fenstrider witch
 22207 | Swamp:3  | Reached skill level 15 in Shields
 22208 | Swamp:3  | Killed a fenstrider witch
 22210 | Swamp:3  | Killed a tentacled monstrosity
 22211 | Swamp:3  | Reached XP level 17. HP: 101/168 MP: 18/23
 22417 | Swamp:3  | Noticed Kirke
 22426 | Swamp:3  | Killed Kirke
 22876 | Swamp:4  | Entered Level 4 of the Swamp
 22960 | Swamp:4  | Identified the +6 battleaxe of Causality {flame, rN++ Str-4
                  | Int+5}
 23158 | Swamp:4  | Noticed the 27-headed Lernaean hydra
 23201 | Swamp:4  | HP: 1/168 [the 27-headed Lernaean hydra (9)]
 23202 | Swamp:4  | Slain by the 27-headed Lernaean hydra

Illustrated notes

Levels and vault maps discovered:
D:1:      minmay_arrival_jagged, layout_basic
D:2:      layout_loops_ring, serial_shops, shop, minmay_puff
D:3:      layout_loops_ring, shapermc_ecumenical_altar_pompeii
D:4:      minmay_clustersquares, layout_basic, minmay_temple_entry_junction_2,
          gup_sewer_entry_pipe
D:5:      layout_gridville, fedhas_ov_isle_minmay, minmay_misc_feat_diagonals,
          uniq_eustachio, uniq_ijyb
D:6:      layout_loops_ring, kennysheep_generic_room_3
D:7:      layout_cave_pools, mainiacjoe_overflow_six_doors_small,
          chequers_temple_overflow_minitemple, enter_bailey_2
D:8:      corexii_shantytown, layout_basic, nemelex_xobeh_ov_fountains_minmay
D:9:      layout_irregular_city, nicolae_uskayaw_murder_on_the_dancefloor,
          chequers_jeans, uniq_maggie
D:10:     minmay_separated_statues, layout_cave_pools, dpeg_lair_monsters
D:11:     layout_grid_maze, serial_shops, shop
D:12:     layout_irregular_city, orc_0_dummy
D:13:     layout_roguey, david_vaults_2, grunt_decor_clamped
D:14:     layout_loops_ring, nicolae_elevator_lobby_plus, uniq_louise
D:15:     grunt_enter_depths_snipers, layout_long_grid, uniq_agnes, uniq_nessos,
          uniq_rupert
Lair:1:   layout_misc_corridors, gammafunk_ghost_berserking_beasts,
          nicolae_quartered_pool_super, grunt_megastairs_5
Lair:2:   layout_loops_ring, guppyfry_snake_entry_garden,
          nicolae_volcano_entry_vermiform, gammafunk_ghost_hydra_chop,
          uniq_amaemon, uniq_sonja
Lair:3:   layout_roguey, minmay_swamp_entry_swarm, ebering_ghost_disaster_area,
          st_stairs_4, grunt_forest_large_clearing_hut,
          infiniplex_staircase_pool_2
Lair:4:   layout_roguey, gammafunk_ghost_cemetery
Lair:5:   layout_cellular_growth, slime_altar_1, grunt_megastairs_2
Swamp:1:  layout_basic_swamp, evilmike_swamp_ruin_house_2, swamp_pool2,
          infiniplex_staircase_pool
Swamp:2:  layout_basic_swamp, nicolae_swamp_trees_clearing, uniq_nikola,
          uniq_donald
Swamp:3:  layout_falls_marsh, nicolae_swamp_tree_isthmus, uniq_kirke
Swamp:4:  swamp_old_school, layout_basic_swamp, swamp_pool2
Orc:1:    layout_caves, guppyfry_library_mini, uniq_jorgrun
Orc:2:    grunt_orc_cross, layout_caves, hangedman_minor_magic

Skill      XL: |  1  2  3  4  5  6  7  8  9 10 11 12 13 14 15 16 17 |
---------------+----------------------------------------------------+-----
Axes           | 3 4 5 6 7 |  7.7
Fighting       | 4 5 6 8 10 12 14 16 17 19 | 19.6
Armour         | 4 6 7 8 9 11 12 13 | 13.7
Maces & Flails | 1 3 6 8 12 13 | 13.4
Shields        | 7 9 11 15 | 15.7
Evocations     | 5 7 8 |  8.5
Invocations    | 4 7 8 |  8.9
Dodging        | 4 5 |  5.3

Action                   |  1- 3 |  4- 6 |  7- 9 | 10-12 | 13-15 | 16-18 || total
-------------------------+-------+-------+-------+-------+-------+-------++-------
Melee: War axe           |    98 |    29 |       |       |       |       ||   127
       Shillelagh        |       |    74 |   125 |   223 |   460 |   532 ||  1414
       Unarmed           |       |       |     5 |       |       |       ||     5
       Broad axe         |       |       |       |    63 |    13 |     5 ||    81
Invok: Lesser Servant of |       |       |       |     1 |       |       ||     1
       Minor Destruction |       |       |       |       |       |     1 ||     1
       Greater Servant o |       |       |       |       |       |     2 ||     2
Evoke: Phial of floods   |       |       |       |       |     1 |     3 ||     4
  Use: Scroll            |     4 |    11 |     9 |     9 |     8 |     2 ||    43
       Potion            |       |       |     1 |     3 |     1 |     5 ||    10
Armor: Scale mail        |    57 |    34 |       |       |       |       ||    91
       Plate armour      |       |    16 |    71 |   146 |   268 |   552 ||  1053
       Skin              |       |       |     4 |       |       |       ||     4
Dodge: Dodged            |    45 |    34 |    56 |    49 |    91 |   167 ||   442
Block: Buckler           |    20 |    21 |    12 |       |       |       ||    53
       Kite shield       |       |       |    38 |   222 |   232 |   211 ||   703
       Reflection        |       |       |     2 |     8 |    12 |    23 ||    45
       Tower shield      |       |       |       |       |    77 |   353 ||   430

Table legend: (Time is in decaauts)
 A = Elapsed time spent in this place.
 B = Non-inter-level travel time spent in this place.
 C = Inter-level travel time spent in this place.
 D = Time resting spent in this place.
 E = Time spent auto-exploring this place.
 F = Levels seen in this place.
 G = Mean time per level.
                   A        B        C        D        E       F      G
               +--------+--------+--------+--------+--------+-----+--------+
         Total |  23094 |  22089 |   1005 |   3134 |   7644 |  29 |  796.3 |
       Dungeon |  13471 |  12863 |    608 |   1570 |   4650 |  15 |  898.1 |
          Lair |   4564 |   4317 |    247 |    351 |   1904 |   5 |  912.8 |
         Swamp |   2194 |   2116 |     78 |    354 |    537 |   4 |  548.5 |
  Orcish Mines |   2040 |   1970 |     70 |    557 |    553 |   2 | 1020.0 |
         Sewer |    139 |    139 |      0 |     30 |      0 |   1 |  139.0 |
        Bailey |    181 |    181 |      0 |      4 |      0 |   1 |  181.0 |
       Volcano |    503 |    503 |      0 |    267 |      0 |   1 |  503.0 |
               +--------+--------+--------+--------+--------+-----+--------+

Top non-repeatable levels by time:
     D:4: 1328 daAuts
    D:15: 1202 daAuts
   Orc:2: 1144 daAuts
    D:12: 1021 daAuts
  Lair:2: 981 daAuts
  Lair:1: 968 daAuts
     D:9: 959 daAuts
     D:3: 945 daAuts
  Lair:3: 940 daAuts
     D:8: 915 daAuts
   Orc:1: 896 daAuts
    D:10: 892 daAuts
    D:13: 891 daAuts
     D:2: 884 daAuts
  Lair:5: 880 daAuts
